Map: Orbital Shipyard

Players

wabbajack

  • Race: Terran Terran
  • League: Gold

Poldhart - Winner!

  • Race: Zerg Zerg
  • League: Silver

VOD

Have the link to the VOD?

Description

Time

  • Played on: July 17, 2015, 12:23 p.m.
  • Length: 9:21
Show
View Real Time Build Order
Export as new Build Order

wabbajack Terran 

Build Orders: Command Center First (CC), MMM Bio 

Get SALT Encoding   

  12  0:01  SCV  
  13  0:13  SCV  
  14  0:20  Supply Depot  
  14  0:25  SCV  
  15  0:41  SCV  
  16  0:53  SCV  
  17  1:01  Command Center  
  17  1:07  SCV  
  18  1:18  Barracks  
  18  1:23  SCV  
  19  1:29  Barracks  
  19  1:36  SCV  
  20  1:48  SCV, Refinery  
  20  1:52  Refinery  
  21  2:00  SCV  
  22  2:17  Orbital Command  
  22  2:18  Orbital Command  
  22  2:21  Marine  
  22  2:22  Marine  
  24  2:37  Factory  
  24  2:41  Marine x2  
  26  3:27  Supply Depot  
  26  3:28  Barracks Reactor  
  26  3:32  Barracks Reactor  
  26  3:36  SCV x2, Supply Depot  
  26  3:39  Widow Mine  
  30  3:48  SCV x2  
  32  3:49  Starport  
  32  3:52  Armory  
  32  4:00  SCV x2  
  34  4:15  Marine x2  
  36  4:18  Barracks Tech Lab  
  36  4:20  SCV  
  36  4:22  SCV  
  38  4:25  Refinery  
  38  4:26  Hellion  
  38  4:27  Hellion  
  42  4:32  SCV  
  42  4:33  Marine x2  
  42  4:34  SCV  
  46  4:44  SCV  
  47  4:46  SCV  
  47  4:48  Hellion x2  
  47  4:49  Combat Shields  
  47  4:51  Marine x2  
  54  4:58  Supply Depot  
  54  4:59  Supply Depot  
  54  5:00  Supply Depot  
  54  5:03  Supply Depot  
  54  5:19  SCV x2, Marine  
  57  5:27  Medivac  
  57  5:28  Medivac  
  61  5:29  Hellion x2  
  61  5:32  Barracks Reactor  
  65  5:39  Barracks  
  65  5:42  Liberator x2  
  61  5:54  SCV x2  
  67  5:57  Hellion x2  
  67  6:03  Supply Depot  
  67  6:04  Supply Depot  
  73  6:06  SCV x2  
  75  6:14  Refinery  
  75  6:15  Marine x2  
  75  6:18  SCV x2  
  79  6:19  Marauder  
  79  6:23  Stimpack  
  79  6:24  Hellion x2  
  55  6:25  Liberator  
  85  6:28  Marine  
  86  6:42  Medivac  
  86  6:45  Marine x3  
  86  6:46  Hellion x2  
  98  7:11  Command Center  
  98  7:23  Hellion x2  
  102  7:30  Supply Depot, Marine x2  
  102  7:31  Supply Depot  
  102  7:32  Marauder  
  102  7:34  Supply Depot  
  102  7:35  Liberator x2  
  94  7:50  Hellion  
  94  7:51  Hellion  
  98  7:53  Marauder, Marine x2  
  98  7:54  Barracks Tech Lab  
  98  7:56  SCV  
  98  7:57  SCV  
  110  8:09  SCV x2  
  110  8:10  Barracks  
  110  8:11  Barracks  
  112  8:21  SCV x2  
  106  8:57  Hellion x2  
  106  8:58  Marine x2  
  106  8:59  Marauder  
  106  9:01  Barracks Tech Lab x2  
Show
View Real Time Build Order
Export as new Build Order

Poldhart Zerg - Winner!

Build Orders: Hatch First, Lurkers 

Get SALT Encoding   

  12  0:01  Drone  
  13  0:13  Overlord  
  13  0:19  Drone  
  14  0:31  Drone x2  
  16  0:40  Drone  
  17  0:55  Hatchery  
  16  0:59  Drone  
  17  1:11  Extractor  
  16  1:13  Spawning Pool  
  16  1:16  Drone  
  16  1:25  Drone x2  
  18  1:32  Drone  
  19  1:46  Drone  
  20  1:59  Hatchery  
  19  2:07  Queen  
  21  2:16  Drone x3  
  24  2:26  Queen  
  26  2:36  Overlord  
  26  2:42  Metabolic Boost  
  26  2:49  Queen  
  28  2:56  Drone  
  28  2:57  Zergling x4  
  31  2:58  Zergling x2  
  32  3:08  Drone x2  
  32  3:09  Drone  
  35  3:18  Overlord  
  35  3:19  Drone  
  36  3:20  Drone x2  
  37  3:28  Queen  
  39  3:35  Drone x3  
  39  3:36  Drone  
  43  3:43  Drone x3  
  46  3:50  Drone x3  
  46  3:54  Overlord  
  49  4:04  Roach Warren, Extractor  
  49  4:08  Evolution Chamber  
  46  4:10  Evolution Chamber  
  46  4:14  Drone x4  
  46  4:16  Zergling x2  
  50  4:31  Drone  
  50  4:32  Drone x6, Extractor  
  50  4:33  Extractor  
  55  4:46  Zerg Missile Weapons Level 1  
  55  4:47  Zerg Ground Armor Level 1  
  55  4:50  Drone x3  
  58  4:54  Overlord x2  
  58  4:57  Spore Crawler  
  57  5:04  Drone  
  57  5:05  Overlord  
  58  5:08  Spore Crawler  
  57  5:14  Lair  
  57  5:16  Drone x4  
  57  5:17  Drone x4  
  57  5:20  Drone  
  57  5:21  Drone x2  
  68  5:33  Overlord x2  
  68  5:34  Drone x4  
  72  5:45  Roach  
  72  5:46  Drone  
  72  5:47  Drone x6  
  72  5:49  Extractor  
  76  5:50  Extractor  
  76  5:51  Roach x3  
  81  6:11  Drone x3  
  81  6:12  Roach  
  81  6:13  Spine Crawler, Roach x4  
  93  6:19  Overlord x3  
  93  6:21  Hydralisk Den, Overseer  
  92  6:33  Drone  
  92  6:35  Glial Reconstitution  
  92  6:37  Roach  
  92  6:38  Roach  
  97  6:41  Zerg Missile Weapons Level 2  
  97  6:42  Zerg Ground Armor Level 2  
  97  6:45  Roach x3  
  97  6:46  Roach  
  105  6:48  Zergling x4  
  105  6:49  Lurker Den  
  107  6:55  Hatchery  
  106  7:07  Drone x13  
  119  7:19  Overlord x3  
  117  7:25  Overlord  
  117  7:26  Overlord  
  117  7:37  Overlord  
  117  7:38  Overlord x3, Hydralisk  
  117  7:39  Hydralisk x5  
  117  7:41  Hydralisk  
  131  7:47  Hydralisk x3  
  131  7:48  Hydralisk  
  139  7:59  Overlord x3  
  139  8:09  Infestation Pit  
  138  8:13  Hydralisk x4  
  138  8:14  Hydralisk  
  138  8:16  Lurker x2  
  138  8:17  Lurker x3  
  153  8:25  Zergling x2  
  153  8:26  Zergling x22  
  165  8:28  Zergling x2  
  166  8:41  Hydralisk  
  166  8:42  Hydralisk x6  
Tags
 
Add a new tag
Caveats
  • Supply blocks, unpowered buildings, or Contaminate may cause inaccurate times.
  • Supply counts are checked every 10 seconds.